 Dungeon Sprint DCSS version 0.29-a0-723-gce39da1c22 (webtiles) character file.

Game seed: 9878873879346447106

58 Hipnos the Firebug (level 3, 0/30 HPs)
             Began as a Deep Elf Fire Elementalist on June 28, 2022.
             Slain by a scorpion (2 damage)
             ... in the Dungeon (Sprint II: "The Violet Keep of Menkaure").
             The game lasted 00:00:41 (12 turns).

Hipnos the Firebug (Deep Elf Fire Elementalist)       Turns: 12, Time: 00:00:41

Health: 0/30       AC:  2    Str:  5    XL:     3   Next: 75%
Magic:  6/11       EV: 13    Int: 21    God:
Gold:   0          SH:  0    Dex: 15    Spells: 11/12 levels left

rFire   . . .      SeeInvis .   (no weapon)
rCold   . . .      Faith    .   (no shield)
rNeg    . . .      Spirit   .   a - +0 robe
rPois   .          Reflect  .   (no helmet)
rElec   .          Harm     .   (no cloak)
rCorr   .          Rampage  .   (no gloves)
Will    .....      NoTele   +   (no boots)
Stlth   ..........              (no amulet)
HPRegen 0.10/turn               (no ring)
MPRegen 0.12/turn               (no ring)

@: berserking, very quick
A: no striking features
a: no special abilities


You were in the Dungeon.
You visited 1 branch

Inventory:

Armour
 a - a +0 robe (worn)
Scrolls
 g - a scroll of blinking
Potions
 b - 3 potions of magic
 c - a potion of curing
 d - a potion of heal wounds
 e - a potion of haste


   Skills:
 + Level 0.4 Fighting
 + Level 3.3 Dodging
 + Level 3.1 Stealth
 + Level 0.3 Unarmed Combat
 + Level 5.0 Spellcasting
 + Level 1.3 Conjurations
 * Level 7.3 Fire Magic


You had 11 spell levels left.
You knew the following spells:

 Your Spells              Type           Power      Damage    Failure   Level
a - Foxfire               Conj/Fire      92%        2x1d8     1%          1

Your spell library contained the following spells:

 Spells                   Type           Power      Damage    Failure   Level
 Scorch                   Fire           72%        2d8       1%          2
 Conjure Flame            Conj/Fire      23%        6-21      5%          3
 Inner Flame              Hex/Fire       20%        N/A       7%          3
 Flame Wave               Conj/Fire      23%        2d7       19%         4


Dungeon Overview and Level Annotations

Branches:
Dungeon (1/1)

Altars:


Message History

You feel yourself moving faster!
You feel mighty!
The foxfire hits the scorpion.
The scorpion is lightly wounded.
The foxfire hits the scorpion.
The scorpion is lightly wounded.
The scorpion closely misses you.
You barely miss the scorpion.
The scorpion is lightly wounded.
The scorpion stings you!
You punch the scorpion!
The scorpion is severely wounded.
The scorpion stings you.
* * * LOW HITPOINT WARNING * * *
You hit the scorpion.
You kill the scorpion!
Your Dodging skill increases to level 3!
Your Stealth skill increases to level 3!
Your Spellcasting skill gained 2 levels and is now at level 5!
Your Fire Magic skill gained 4 levels and is now at level 7!
You have reached level 2!
You have reached level 3!
Your experience leads to an increase in your attributes!
Increase (S)trength, (I)ntelligence, or (D)exterity?
You feel clever. x2
You hit the scorpion.
The scorpion is moderately wounded.
The scorpion stings you but does no damage.
You barely miss the scorpion.
The scorpion is moderately wounded.
The scorpion closely misses you.
You closely miss the scorpion.
The scorpion is moderately wounded.
You hit the scorpion but do no damage.
The scorpion is moderately wounded.
The scorpion stings you.
* * * LOW HITPOINT WARNING * * *
You punch the scorpion!
The scorpion is severely wounded.
The scorpion stings you.
You die...

# #+#
#..###.##
#$'s@.+
#..###.##
# #+#


You could see a scorpion.

Vanquished Creatures
  A scorpion (D)
1 creature vanquished.

Vanquished Creatures (others)
  2 foxfires (D)
2 creatures vanquished.

Grand Total: 3 creatures vanquished

Notes
Turn   | Place    | Note
-------+----------+-------------------------------------------
     0 | D        | Hipnos the Deep Elf Fire Elementalist began the quest for
                  | the Orb.
     0 | D        | Reached XP level 1. HP: 10/10 MP: 6/6
     1 | D        | Noticed a scorpion
     1 | D        | Noticed a scorpion
     7 | D        | Killed a scorpion
     8 | D        | Reached skill level 5 in Spellcasting
     8 | D        | Reached skill level 7 in Fire Magic
     8 | D        | Reached XP level 2. HP: 3/16 MP: 6/10
     8 | D        | Reached XP level 3. HP: 4/20 MP: 6/11
    12 | D        | Slain by a scorpion

Illustrated notes

Levels and vault maps discovered:
D:        the_violet_keep_of_menkaure [sprint2_stairs_cluster_1,
          sprint2_shoproom, sprint2_temple, sprint2_basic_supplies,
          sprint2_obstacle_2, sprint2_obstacle_4, sprint2_obstacle_3,
          sprint2_obstacle_7, sprint2_obstacle_5, sprint2_timed_cluster_1,
          sprint2_smallroom_cluster_1, sprint2_smallroom_final_cluster_1,
          sprint2_transparent_cluster_1, sprint2_second_timed_cluster_1,
          sprint2_sniper_area_1, sprint2_heavy_combat_area_1,
          sprint2_mutation_trap_area_1, sprint2_forest_area_1,
          sprint2_light_combat_area_1, sprint2_behind_water_1,
          sprint2_near_end_vault_1]

Skill      XL: |  1 |
---------------+----+-----
Dodging        | 3 |  3.3
Stealth        | 3 |  3.1
Spellcasting   | 5 |  5.0
Fire Magic     | 7 |  7.3
Fighting       | |  0.4
Unarmed Combat | |  0.3
Conjurations   | |  1.3

Action                   || total
-------------------------++-------
Melee: Unarmed           ||     8
 Cast: Foxfire           ||     1
  Use: Potion            ||     1
Armor: Robe              ||     1
Dodge: Dodged            ||     2

Table legend: (Time is in decaauts)
 A = Elapsed time spent in this place.
 B = Non-inter-level travel time spent in this place.
 C = Inter-level travel time spent in this place.
 D = Time resting spent in this place.
 E = Time spent auto-exploring this place.
 F = Levels seen in this place.
 G = Mean time per level.
                   A        B        C        D        E       F      G
               +--------+--------+--------+--------+--------+-----+--------+
         Total |      9 |      9 |      0 |      0 |      0 |   1 |    9.0 |
       Dungeon |      9 |      9 |      0 |      0 |      0 |   1 |    9.0 |
               +--------+--------+--------+--------+--------+-----+--------+

Top non-repeatable levels by time:
       D: 9 daAuts
